cohdb
Replays
Latest Replays
All Replays
Popular Replays
Top Player Replays
Match Explorer
How It Works
Community
CoH3 Stats
Reddit
Sign in to upload your games and track your stats! →
Sign in with Steam
Match 42673120
Unlisted
Match 42673120
Overview
Messages
Build Orders
End
Kradschützen Motorcycle Team
Panzergrenadier Squad
250 Light Carrier
Panzergrenadier Squad
Construct Light Support Kompanie
MG34 Team
Panzerjäger Mechanized Group
Construct Mechanized Kompanie
254 Reconnaissance Tractor
Marder III Tank Destroyer
Selects Armored Support Battlegroup
Selects Armored Support Battlegroup
Selects Salvage Kits
Selects Panzer Storm
Brother
سَۨفُـيٰانۨوٰس
0
0
Comments
sign in to comment!
No comments posted yet!